 Dungeon Crawl Stone Soup version 0.20-a0-369-g71b9d6e (webtiles) character file.

71762 hairmachine the Severer (level 15, -4/139 HPs)
             Began as a Hill Orc Fighter on Dec 27, 2016.
             Was a High Priest of Beogh.
             Killed from afar by a thorn hunter (36 damage)
             ... with a volley of thorns
             ... on level 2 of the Swamp.
             The game lasted 02:18:23 (26408 turns).

hairmachine the Severer (Hill Orc Fighter)         Turns: 26408, Time: 02:18:37

Health: -4/139     AC: 25    Str: 26    XL:     15   Next: 37%
Magic:  19/25      EV:  5    Int: 11    God:    Beogh [*****.]
Gold:   1829       SH: 22    Dex: 12    Spells: 14/14 levels left

rFire  . . .     SeeInvis .     y - +6 war axe of Integrity {chop, rPois Dex+2}
rCold  + . .     Gourm    .     Q - +2 plate armour
rNeg   . . .     Faith    .     n - +0 large shield
rPois  +         Spirit   .     M - +1 helmet
rElec  .         Reflect  +     C - +0 cloak
rCorr  .         Harm     .     s - +0 pair of gloves
MR     +....                    B - +0 pair of boots "Jimevaog" {Int+3}
Stlth  ..........               e - +2 amulet of reflection
                                c - ring of protection from cold {rC+, !d}
                                E - +4 ring of slaying

@: no status effects
A: walk on water
a: Smiting, Recall Orcish Followers, Give Item to Named Follower, Renounce
Religion


You were on level 2 of the Swamp.
You worshipped Beogh.
Beogh was extremely pleased with you.
You were not hungry.

You visited 5 branches of the dungeon, and saw 25 of its levels.
You also visited: Sewer and Ossuary.

You collected 1829 gold pieces.


   Skills:
 + Level 14.7 Fighting
 - Level 16.5 Axes
 + Level 13.4 Armour
 + Level 12.8 Shields
 + Level 13.7 Invocations


You had 14 spell levels left.
You didn't know any spells.

Inventory:

Hand Weapons
 a - a +1 war axe
 y - the +6 war axe of Integrity (weapon) {chop, rPois Dex+2}
   (You acquired it on level 1 of the Swamp)

   It inflicts extra damage upon your enemies.
   It affects your dexterity (+2).
   It protects you from poison.
 T - a +3 flail of freezing
   (You took it off a wight on level 9 of the Dungeon)
Armour
 n - a +0 large shield (worn)
   (You found it on level 13 of the Dungeon)
 s - a +0 pair of gloves (worn)
   (You found it on level 2 of the Dungeon)
 B - the +0 pair of boots "Jimevaog" (worn) {Int+3}
   (You found it on level 6 of the Dungeon)

   It affects your intelligence (+3).
 C - a +0 cloak (worn)
   (You took it off Crazy Yiuf on level 4 of the Dungeon)
 M - a +1 helmet (worn)
   (You found it on level 11 of the Dungeon)
 Q - a +2 plate armour (worn)
   (You took it off an orc warrior on level 9 of the Dungeon)
Jewellery
 c - a ring of protection from cold (right hand) {rC+, !d}
   (You found it on level 6 of the Dungeon)
 e - a +2 amulet of reflection (around neck)
   (You found it on level 6 of the Lair of Beasts)
 v - an uncursed ring of resist corrosion
   (You found it on level 12 of the Dungeon)
 E - a +4 ring of slaying (left hand)
   (You found it on level 6 of the Lair of Beasts)
 J - an uncursed amulet of faith {unknown}
   (You found it on level 1 of the Swamp)
 S - a cursed ring of loudness {unknown}
   (You found it on level 1 of the Swamp)
Wands
 A - a wand of disintegration (7/24)
   (You found it on level 12 of the Dungeon)
 D - a wand of confusion (29/48)
   (You found it on level 6 of the Lair of Beasts)
 H - a wand of lightning (3/15)
   (You found it on level 5 of the Dungeon)
 L - a wand of acid (9/15)
   (You found it on level 7 of the Dungeon)
 R - a wand of digging (12/24)
   (You found it on level 4 of the Lair of Beasts)
Scrolls
 b - 3 scrolls of recharging {!r}
 m - 4 scrolls of fear {!r}
 o - 2 scrolls of enchant armour {!r}
 p - a scroll of amnesia {!r}
 q - 5 scrolls of identify {!r}
 t - 8 scrolls of teleportation {!r}
 x - 20 scrolls of remove curse {!r}
 F - 2 scrolls of fog {!r, unknown}
 G - 3 scrolls of blinking {!r, unknown}
 I - a scroll of enchant weapon {!r}
 Z - 2 scrolls of magic mapping {!r}
Potions
 d - 2 potions of might {!q}
 g - 4 potions of flight {!q}
 h - 5 potions of cure mutation {!q}
 k - 9 potions of curing {!q}
 l - 3 potions of brilliance {!q}
 r - a potion of berserk rage {!q, unknown}
 u - a potion of mutation {!q, unknown}
 w - 2 potions of magic {!q, unknown}
 z - a potion of heal wounds {!q}
 K - 9 potions of haste {!q}
 N - a potion of agility {!q, unknown}
 O - 2 potions of cancellation {!q, unknown}
 P - 2 potions of lignification {!q}
 W - 2 potions of resistance {!q, unknown}
Books
 V - a book of Changes
   (You found it on level 6 of the Lair of Beasts)

   Spells                             Type                      Level
   a - Beastly Appendage              Transmutation                1
   b - Sticks to Snakes               Transmutation                2
   c - Spider Form                    Transmutation/Poison         3
   d - Ice Form                       Ice/Transmutation            4
   e - Blade Hands                    Transmutation                5
Comestibles
 f - 15 bread rations
 i - 31 fruits
 j - 14 meat rations
 U - a chunk of flesh
 Y - 3 beef jerkies

Dungeon Overview and Level Annotations

Branches:
Dungeon (15/15)            Temple (1/1) D:4            Lair (6/6) D:9
  Swamp (2/4) Lair:4        Snake (0/4) Lair:3        Slime (0/5) Lair:6
    Orc (1/2) D:9          Vaults (0/5) D:13
 Depths: D:15

Altars:
Dithmenos
Gozag
Nemelex Xobeh
Okawaru
Qazlal
Ru
Sif Muna

Shops:
D:6 [

Annotations:
D:5 exclusion: downstairs
D:6 exclusion: downstairs
D:8 exclusions: downstairs and orange crystal statue
D:12 exclusion: 2 downstairs
D:13 exclusions: downstairs and ice statue
D:14 exclusion: Roxanne, Roxanne
Lair:1 exclusion: downstairs

≈♣≈≈≈≈♣P≈o♣§≈≈≈.♣♣
≈≈≈≈.fP@..♣.≈....♣♣
≈≈≈.≈.F≈.♣♣...≈≈≈≈♣♣
...≈≈≈PP.♣♣♣♣.≈≈≈..♣♣
≈≈≈≈≈≈PP♣♣ ♣.♣≈≈≈..♣♣♣♣
....≈..P♣ ♣♣.♣≈≈≈≈....♣
≈≈≈.....♣ ♣≈≈.≈≈≈♣♣♣.♣.
≈≈≈.≈...♣ ♣.....o.♣♣.≈♣
≈≈♣..≈≈.♣♣♣♣...o♣♣≈o.≈≈≈
......≈.÷.o♣.o≈§♣♣♣♣.≈..
..♣♣♣♣♣♣♣♣.o≈§.≈♣ ♣≈..o#
.♣ ♣♣♣≈...♣ ♣♣..##
♣....♣ ♣.≈#. ♣...♣♣
♣♣... ♣.≈≈♣ ♣♣♣♣ ♣.≈.♣ ♣
..≈≈♣ ♣


You could see a thorn hunter, a spiny frog, the friendly Harm the orc warlord, a
friendly orc knight, the friendly Arbolt the orc knight and the friendly Garbold
the orc knight (confused).


Message History

Damage: -3%(-5hp) hp: 97%(134hp)
You slash the komodo dragon!
You kill the komodo dragon!
You butcher the komodo dragon corpse.
U - 2 chunks of flesh You see here a komodo dragon skeleton. x2
Eating one of 2 chunks of flesh.
You start eating one of the 2 chunks of flesh.
This raw flesh tastes terrible.
A vampire mosquito comes into view.
The vampire mosquito buzzes angrily.
You block the vampire mosquito's attack.
Beogh blesses a follower with healing.
You feel a bit more experienced.
You hit the vampire mosquito.
The vampire mosquito is moderately damaged.
You block the vampire mosquito's attack.
Murdo misses the vampire mosquito.
Your shield and plate armour prevent you from hitting the vampire mosquito.
The vampire mosquito is moderately damaged.
You block the vampire mosquito's attack. x2
Murdo misses the vampire mosquito.
Harm roars a battlecry!
Your orc knight goes into a battle-frenzy!
You slice the vampire mosquito!!
You destroy the vampire mosquito!
No target in view!
No target in view!
You feel a bit more experienced.
You feel a bit more experienced.
Arbolt no longer looks unusually strong.
Murdo no longer looks unusually strong.
Your orc knight no longer looks unusually strong.
Your orc knight says, "Beogh doesn't mind all this killing, you know."
Found an escape hatch in the ceiling.
Your orc knight no longer looks unusually strong.
You now have 1829 gold pieces (gained 13).
A swamp drake comes into view.
The swamp drake roars!
The swamp drake breathes noxious fumes at you.
The noxious blast engulfs you!
Garbold is engulfed in noxious fumes.
A thorn hunter comes into view.
Garbold is engulfed in noxious fumes.
You closely miss the swamp drake.
Garbold roars a battlecry!
Your orc knight goes into a battle-frenzy!
The swamp drake breathes noxious fumes at you.
The noxious blast engulfs you!
You slice the swamp drake!!
The swamp drake is severely wounded.
Garbold is engulfed in noxious fumes.
A spiny frog comes into view.
You barely miss the swamp drake.
The swamp drake is severely wounded.
The spiny frog gives a loud, deep croak!
The swamp drake bites you but does no damage.
The thorn hunter fires a volley of thorns at you.
The volley of thorns hits you!
* * * LOW HITPOINT WARNING * * *
Huge Dmg: -33%(-46hp) hp: 67%(93hp)
You slash the swamp drake!
You kill the swamp drake!
Garbold is engulfed in noxious fumes.
Garbold appears confused.
Thorny briars emerge from the ground!
You slash the briar patch!
The briar patch is almost destroyed.
You are struck by the briar patch's thorns.
* * * LOW HITPOINT WARNING * * *
You slash the briar patch!
You are struck by the briar patch's thorns.
* * * LOW HITPOINT WARNING * * *
You slash the briar patch!
You destroy the briar patch!
You are struck by the briar patch's thorns.
* * * LOW HITPOINT WARNING * * *
You hit the briar patch but do no damage.
The thorn hunter fires a volley of thorns at you.
The volley of thorns hits you!
* * * LOW HITPOINT WARNING * * *
Your orc knight roars a battlecry!
Harm goes into a battle-frenzy!
Huge Dmg: -44%(-62hp) hp: 23%(31hp)
Aiming: Smiting
Press: ? - help, Dir - move target cursor, f - thorn hunter Smite: a thorn hunter (water)
You smite the thorn hunter!
The thorn hunter is moderately damaged.
The thorn hunter hits the briar patch!
The briar patch is destroyed!
Harm roars a battlecry!
Aiming: Smiting
Press: ? - help, Dir - move target cursor, f/p - thorn hunter Smite: a thorn hunter (water, moderately damaged)
You smite the thorn hunter!
The thorn hunter is severely damaged.
The thorn hunter fires a volley of thorns at you.
The volley of thorns hits you!
You die...

Vault maps used:
D:1:      minmay_arrival_arboretum_small, minmay_small_reverse_x
D:2:      first_bread, guppyfry_early_lair_pool, uniq_natasha
D:4:      portal_sewer_entry_b, st_stairs_13, uniq_crazy_yiuf_cottage
D:5:      old_standard_altar
D:6:      serial_shops, nicolae_shop_behind_doors, nemelex_dance_club_becter
D:7:      minitemple
D:8:      minmay_statue_hallways, enter_ossuary_3, basic_altar, the_bakery
D:9:      erik_lair_island, basic_altar
D:12:     cheibrodos_hippocracy, portal_ice_cave_entry_imps, uniq_snorg,
          uniq_erolcha
D:13:     cheibrodos_frozen_isle, erik_vaults_2, uniq_azrael, uniq_maurice
D:14:     nemelex_xobeh_ov_fountains_minmay,
          hangedman_abyss_or_decor_lesser_grid, uniq_roxanne, uniq_urug
D:15:     grunt_enter_depths_giant_problem, serial_bayou_shore_a,
          tso_metal_star, uniq_rupert, uniq_sonja, uniq_louise
Temple:   dpeg_five_rooms_temple
Lair:1:   wad_woods_stonehenge, minmay_hedge_maze, lemuel_fruit_tree
Lair:3:   minmay_snake_entry_guardpost_small, infiniplex_staircase_pool
Lair:4:   swamp_mist, special_room, grunt_megastairs_5
Lair:5:   minivault_26, st_stairs_8, roderic_carrion_pond
Lair:6:   minmay_lair_end_enchanted_forest, slime_dummy, minivault_29,
          lemuel_fruit_fields
Swamp:1:  nicolae_swamp_godswood, uniq_kirke
Swamp:2:  serial_swamp_ruin, evilmike_swamp_ruin_rubble_1,
          evilmike_swamp_ruin_house_4, swamp_pool1
Sewer:    sewer_co_purgy_island
Ossuary:  minmay_ossuary_two_tombs

Notes
Turn   | Place    | Note
-------+----------+-------------------------------------------
     0 | D:1      | hairmachine the Hill Orc Fighter began the quest for the Orb.
     0 | D:1      | Reached XP level 1. HP: 19/19 MP: 1/1
    49 | D:1      | Reached skill level 3 in Axes
    57 | D:1      | Reached XP level 2. HP: 17/26 MP: 2/2
   276 | D:1      | Reached skill level 4 in Axes
   432 | D:1      | Reached XP level 3. HP: 31/31 MP: 3/3
   798 | D:2      | Reached skill level 5 in Axes
  1211 | D:2      | Reached XP level 4. HP: 39/39 MP: 4/4
  1252 | D:2      | Noticed Natasha
  1255 | D:2      | Killed Natasha
  1255 | D:2      | Reached skill level 6 in Axes
  1300 | D:2      | Noticed Natasha
  1304 | D:2      | Killed Natasha
  1543 | D:2      | Noticed Natasha
  1552 | D:2      | Killed Natasha
  1552 | D:2      | Reached XP level 5. HP: 36/45 MP: 5/5
  1716 | D:3      | Reached skill level 7 in Axes
  2546 | D:4      | Found a staircase to the Ecumenical Temple.
  2590 | D:4      | Found a runed door.
  2615 | D:4      | Found a glowing drain.
  2645 | Sewer    | Entered a sewer
  2761 | Sewer    | Noticed Purgy
  2798 | D:4      | Killed Purgy
  2798 | D:4      | Reached skill level 8 in Axes
  2798 | D:4      | Reached XP level 6. HP: 34/51 MP: 6/6
  2901 | Temple   | Entered the Ecumenical Temple
  3076 | D:4      | Became a worshipper of Beogh the Brigand
  3111 | D:4      | Reached skill level 9 in Axes
  3232 | D:4      | Reached XP level 7. HP: 57/57 MP: 7/7
  3365 | D:4      | Reached skill level 10 in Axes
  3738 | D:4      | Noticed Crazy Yiuf
  3744 | D:4      | Killed Crazy Yiuf
  4123 | D:5      | Entered Level 5 of the Dungeon
  4226 | D:5      | Got a spiked plate armour
  4250 | D:5      | Reached * piety under Beogh
  4401 | D:5      | Reached skill level 5 in Fighting
  4401 | D:5      | Reached XP level 8. HP: 62/68 MP: 8/8
  4476 | D:5      | Reached skill level 11 in Axes
  4494 | D:5      | Found a sacrificial altar of Ru.
  4715 | D:5      | Reached skill level 1 in Invocations
  5052 | D:6      | Got a pair of fine boots
  5617 | D:6      | Found a sparkling altar of Nemelex Xobeh.
  5643 | D:5      | Reached skill level 12 in Axes
  5826 | D:6      | Found Meogito's Antique Armour Emporium.
  6121 | D:6      | Reached XP level 9. HP: 58/78 MP: 11/11
  6697 | D:7      | Reached ** piety under Beogh
  7004 | D:7      | Reached skill level 13 in Axes
  7092 | D:7      | Found a stormy altar of Qazlal.
  7101 | D:7      | Found a deep blue altar of Sif Muna.
  7449 | D:8      | Found a sand-covered staircase.
  7460 | Ossuary  | Entered an ossuary
  7596 | Ossuary  | Reached *** piety under Beogh
  7678 | Ossuary  | Reached skill level 5 in Armour
  7907 | D:8      | Reached skill level 5 in Shields
  7907 | D:8      | Reached XP level 10. HP: 88/88 MP: 12/12
  8547 | D:8      | Noticed an orange crystal statue
  8737 | D:8      | Reached skill level 14 in Axes
  8963 | D:8      | Found an opulent altar of Gozag.
  9488 | D:9      | Reached **** piety under Beogh
  9772 | D:9      | Identified the +2 plate armour of the Sun {+Blink rF- Regen+ Int+5} (You found it on level 5 of the Dungeon)
  9773 | D:9      | Identified the +0 pair of boots "Jimevaog" {Int+3} (You found it on level 6 of the Dungeon)
 10290 | D:9      | Found a staircase to the Lair.
 10940 | D:9      | Found a deep blue altar of Sif Muna.
 11109 | D:9      | Found a staircase to the Orcish Mines.
 11374 | Lair:1   | Entered Level 1 of the Lair of Beasts
 11445 | Lair:1   | Noticed a four-headed hydra
 11450 | Lair:1   | Killed a four-headed hydra
 11450 | Lair:1   | Reached skill level 15 in Axes
 11450 | Lair:1   | Reached XP level 11. HP: 97/97 MP: 13/13
 11835 | Lair:1   | Found an iron altar of Okawaru.
 12704 | Lair:2   | Noticed a catoblepas
 12720 | Lair:2   | Killed a catoblepas
 12720 | Lair:2   | Reached skill level 10 in Fighting
 12848 | Lair:2   | Reached skill level 16 in Axes
 13391 | Lair:3   | Reached skill level 5 in Invocations
 13545 | Lair:3   | Found a staircase to the Snake Pit.
 13732 | Lair:3   | Reached ***** piety under Beogh
 14061 | Lair:3   | Gained Harm as an ally
 14664 | Lair:4   | Noticed a four-headed hydra
 14670 | Lair:4   | Killed a four-headed hydra
 14670 | Lair:4   | Reached XP level 12. HP: 105/107 MP: 16/16
 14905 | Lair:4   | Noticed a six-headed hydra
 14913 | Lair:4   | Killed a five-headed hydra
 15158 | Lair:4   | Gained Arbolt as an ally
 15181 | Lair:4   | Noticed a six-headed hydra
 15197 | Lair:4   | Killed a six-headed hydra
 15585 | Lair:4   | Found a staircase to the Swamp.
 16198 | Lair:5   | Noticed a four-headed hydra
 16205 | Lair:5   | Killed a four-headed hydra
 16902 | Lair:6   | Entered Level 6 of the Lair of Beasts
 16930 | Lair:6   | Reached skill level 10 in Armour
 16997 | Lair:6   | Noticed an entropy weaver
 17000 | Lair:6   | Killed an entropy weaver
 17000 | Lair:6   | Reached XP level 13. HP: 118/118 MP: 12/19
 17140 | Lair:6   | Noticed an entropy weaver
 17147 | Lair:6   | Killed an entropy weaver
 17147 | Lair:6   | Reached skill level 10 in Shields
 17398 | Lair:6   | Found a staircase to the Slime Pits.
 17564 | Lair:6   | Reached skill level 10 in Invocations
 19018 | Orc:1    | Entered Level 1 of the Orcish Mines
 19177 | D:10     | Entered Level 10 of the Dungeon
 19974 | D:10     | Gained Brunolf as an ally
 20016 | D:10     | Reached XP level 14. HP: 125/129 MP: 22/22
 20293 | D:11     | Your ally Brunolf died
 20362 | D:11     | Gained Alork as an ally
 20426 | D:11     | Noticed Soeti's ghost (journeyman GrFi)
 20430 | D:11     | Killed Soeti's ghost
 20790 | D:11     | Got a heavily runed leather armour
 20868 | D:11     | Gained Garbold as an ally
 21450 | D:12     | Found a frozen archway.
 21707 | D:12     | Your ally Alork died
 21710 | D:12     | Paralysed by a floating eye for 3 turns
 21854 | D:12     | Identified the Disquisition on Vitriolic Black Rituals
 22148 | D:12     | Noticed Snorg
 22152 | D:12     | Killed Snorg
 22293 | D:12     | Noticed Erolcha
 22296 | D:12     | Killed Erolcha
 22451 | D:13     | Noticed Azrael
 22473 | D:13     | Killed Azrael
 23320 | D:13     | Noticed Maurice
 23327 | D:13     | Killed Maurice
 23336 | D:13     | Gained Murdo as an ally
 23675 | D:13     | You fall through a shaft for 2 floors!
 23675 | D:15     | Entered Level 15 of the Dungeon
 23682 | D:15     | Noticed Sonja
 23686 | D:15     | Killed Sonja
 23752 | D:14     | Noticed Roxanne
 24057 | D:13     | Found a gate to the Vaults.
 24456 | D:12     | Reached XP level 15. HP: 126/138 MP: 24/24
 24606 | Swamp:1  | Entered Level 1 of the Swamp
 24695 | Swamp:1  | Identified a scroll of acquirement {!r}
 24698 | Swamp:1  | Got a jewelled war axe
 24699 | Swamp:1  | Identified the +6 war axe of Integrity {chop, rPois Dex+2} (You acquired it on level 1 of the Swamp)
 25014 | Swamp:1  | Noticed Kirke
 25030 | Swamp:1  | Killed Kirke
 25228 | Swamp:1  | Found a shadowy altar of Dithmenos.
 25252 | Swamp:1  | Noticed a thorn hunter
 25257 | Swamp:1  | Killed a thorn hunter
 26400 | Swamp:2  | Noticed a thorn hunter
 26408 | Swamp:2  | Killed from afar by a thorn hunter

Vanquished Creatures
  Kirke (Swamp:1)
  A thorn hunter (Swamp:1)
  An entropy weaver (Lair:6)
  The ghost of Soeti the Protected, a journeyman GrFi of Uskayaw (D:11)
  Snorg (D:12)
  Erolcha (D:12)
  4 hydras
  A ghost crab (Swamp:2)
  2 alligators (Swamp:1)
  A tengu warrior (D:13)
  A two-headed ogre (D:11)
  Sonja (D:15)
  A glowing orange brain (D:12)
  An unseen horror (D:10)
  A deep elf mage (D:13)
  A cyclops (D:13)
  4 ugly things
  2 black mambas
  7 spiny frogs
  3 gargoyles
  A demonic crawler (D:12)
  2 rime drakes (Lair:4)
  A kobold demonologist (D:12)
  3 komodo dragons
  3 hornets
  2 trolls
  A tyrant leech (Swamp:2)
  A blink frog (Lair:6)
  5 hippogriffs
  4 slime creatures (D:12)
  A bog body (Swamp:1)
  2 dream sheep (Lair:6)
  13 yaks
  10 spriggans
  A fire elemental (D:13)
  8 wyverns
  A vampire mosquito (Swamp:2)
  A basilisk (Lair:4)
  A hungry ghost (D:11)
  An acid dragon (D:11)
  5 soldier ants (Lair:6)
  3 swamp worms
  6 hell hounds
  2 nagas (Lair:3)
  5 water moccasins
  2 swamp drakes (Swamp:2)
  Purgy (D:4)
  2 orc warriors
  4 porcupines
  3 sky beasts
  A meliai simulacrum (D:12)
  3 black bears
  An eye of draining (D:13)
  5 necrophages
  4 boggarts (Lair:6)
  4 ice beasts
  10 ogres
  2 phantoms
  7 wolves
  4 centaurs
  7 crocodiles
  2 big kobolds
  2 elf zombies (Ossuary)
  A wyvern zombie (D:5)
  9 bullfrogs
  3 small abominations (D:12)
  2 scorpions
  4 killer bees (D:9)
  9 wights
  4 electric eels
  3 howler monkeys
  4 centaur zombies
  6 crimson imps
  A human zombie (Ossuary)
  3 centaur skeletons
  A gnoll shaman (Orc:1)
  10 hounds
  7 orc priests
  5 orc wizards
  Crazy Yiuf (D:4)
  A jelly (D:12)
  7 iguanas
  A bullfrog skeleton (D:10)
  Natasha (thrice) (D:2)
  9 worker ants
  3 hound zombies
  3 mummies (Ossuary)
  2 worker ant zombies
  9 gnolls
  8 adders
  A river rat (D:4)
  3 shadow imps
  5 white imps (D:12)
  2 oozes
  3 adder skeletons
  4 adder zombies
  2 worms
  2 dart slugs (D:1)
  7 leopard geckos
  28 orcs
  10 giant cockroaches
  2 gnoll zombies
  4 goblins
  9 hobgoblins
  3 jackals (D:4)
  9 kobolds
  5 quokkas
  6 ball pythons
  6 bats
  14 frilled lizards
  7 goblin zombies (Ossuary)
  A jackal skeleton (D:7)
  3 jackal zombies (Ossuary)
  8 kobold zombies
  2 orc zombies
  A quokka skeleton (D:4)
  3 quokka zombies (Ossuary)
  5 rats
  2 rat zombies (Ossuary)
  A briar patch (Swamp:2)
  A bush (Lair:1)
  A fungus (Lair:3)
  3 plants
465 creatures vanquished.

Vanquished Creatures (collateral kills)
  An entropy weaver (Lair:6)
  Azrael (D:13)
  5 hydras
  8 vault guards
  A catoblepas (Lair:2)
  A queen ant (Lair:6)
  3 alligators
  2 two-headed ogres
  A centaur warrior (D:13)
  A tengu warrior (D:13)
  A swamp dragon (Swamp:2)
  A shambling mangrove (Swamp:2)
  A deep elf mage (D:12)
  An ugly thing (D:12)
  3 manticores (D:12)
  2 elephants (Lair:1)
  Maurice (D:13)
  3 black mambas
  8 rime drakes
  9 spiny frogs
  A centaur skeleton (D:10)
  A kobold demonologist (D:11)
  4 komodo dragons
  3 demonic crawlers (D:12)
  3 polar bears
  2 bog bodies (Swamp:2)
  5 hornets
  10 blink frogs
  6 hippogriffs
  A slime creature (D:12)
  9 spriggans
  25 yaks
  2 water elementals (D:13)
  2 wyverns (Lair:4)
  5 basilisks
  A hog (Swamp:1)
  6 vampire mosquitoes
  A steam dragon (Lair:4)
  A swamp worm (Swamp:1)
  19 soldier ants (Lair:6)
  9 water moccasins
  2 orc warriors
  A floating eye (D:12)
  4 porcupines
  4 black bears
  An eye of draining (D:10)
  2 ice beasts
  4 necrophages (Lair:5)
  19 wolves
  A centaur (D:13)
  11 crocodiles
  2 big kobolds
  4 bullfrogs
  A killer bee (D:9)
  A wight (D:9)
  A crimson imp (D:13)
  A bullfrog skeleton (D:9)
  2 hounds
  3 orc wizards
  4 hell rats (Lair:6)
  16 worker ants
  A worker ant zombie (D:10)
  An adder (D:11)
  A shadow imp (D:8)
  7 white imps (D:12)
  An adder zombie (D:9)
  2 orcs
  3 kobolds (D:9)
  A quokka (D:11)
  A bush (Lair:1)
  5 fungi
  2 plants
279 creatures vanquished.

Vanquished Creatures (others)
  An orc sorcerer (D:13)
  A hornet (Swamp:2)
  A fire elemental (D:13)
  A swamp drake (Swamp:1)
  A centaur (D:13)
  2 orc wizards (D:9)
  4 orc priests
  13 orcs
  A quokka skeleton (D:4)
  A briar patch (Swamp:2)
  3 fungi
  6 plants
35 creatures vanquished.

Grand Total: 779 creatures vanquished

Action                   |  1- 3 |  4- 6 |  7- 9 | 10-12 | 13-15 || total
-------------------------+-------+-------+-------+-------+-------++-------
Melee: War axe           |   142 |   234 |   508 |   474 |   377 ||  1735
       Flail             |       |       |       |   160 |   364 ||   524
Throw: Stone             |     1 |     7 |       |       |       ||     8
Invok: Convert to Beogh  |       |     1 |       |       |       ||     1
       Recall Orcish Fol |       |       |       |     4 |    13 ||    17
       Give Item to Name |       |       |       |     2 |     2 ||     4
       Smiting           |       |       |       |     2 |    46 ||    48
       Stop Recall       |       |       |       |       |     2 ||     2
Evoke: Wand              |       |       |       |     5 |     2 ||     7
  Use: Scroll            |       |     2 |     6 |     6 |    11 ||    25
       Potion            |       |       |     2 |     1 |     4 ||     7
 Stab: Distracted        |       |       |       |     7 |     2 ||     9
  Eat: Chunk             |     1 |     7 |    14 |    21 |    26 ||    69
       Royal jelly       |       |       |     1 |       |       ||     1
       Bread ration      |       |       |       |     1 |     1 ||     2
       Pizza             |       |       |       |     2 |     1 ||     3
Armor: Scale mail        |    70 |    11 |       |       |       ||    81
       Chain mail        |       |   140 |   168 |    27 |       ||   335
       Plate armour      |       |       |       |   314 |   317 ||   631
       Skin              |       |       |       |       |    20 ||    20
Dodge: Dodged            |    42 |    49 |    69 |    91 |   117 ||   368
Block: Shield            |    70 |   113 |   181 |   294 |   326 ||   984
       Large shield      |       |       |       |       |   183 ||   183
       Reflection        |       |       |       |       |    13 ||    13

Skill      XL: |  1  2  3  4  5  6  7  8  9 10 11 12 13 14 15 |
---------------+----------------------------------------------+-----
Axes           | 3 4 5 6 8 9 10 12 13 15 16 | 16.5
Fighting       | 5 6 8 9 10 12 13 14 | 14.7
Invocations    | 3 5 8 11 13 | 13.7
Armour         | 5 6 8 10 11 12 13 | 13.4
Shields        | 5 6 7 9 11 12 | 12.8
